[Event "HUN-ch U8-U18 2019"]
[Site "Balatonlelle"]
[Date "2019.06.26"]
[Round "7.4"]
[White "Gabor, Maria"]
[Black "Szarvas, Nora"]
[Result "1-0"]
[ECO "B06"]
[WhiteElo "1308"]
[BlackElo "1258"]
[Annotator "NA RC"]
[PlyCount "121"]
[EventDate "2019.06.21"]
[EventType "swiss"]
[EventCountry "HUN"]
[SourceTitle "playchess.com"]
[Source "ChessBase"]
[SourceQuality "1"]
[TimeControl "40/5400+30:1800+30"]

1. e4 g6 2. d4 Bg7 3. Nc3 c5 4. Be3 Qb6 5. Nd5 Qa5+ 6. Bd2 Qd8 7. Bf4 d6 8. dxc5 e6 9. Nc3 Bxc3+ 10. bxc3 d5 11. exd5 Qxd5 12. Qxd5 exd5 13. O-O-O Be6 14. Bb5+ Nc6 15. Nf3 O-O-O 16. Rhe1 Nge7 17. Bg5 Rde8 18. Bf6 Rhg8 19. Nd4 Bd7 20. Bxc6 Nxc6 21. Rxe8+ Rxe8 22. Nb5 Re2 23. Bh4 Be6 24. Nd6+ Kc7 25. Bg3 Kd7 26. Nxb7 Ke7 27. Nd6 a6 28. Rd2 Rxd2 29. Kxd2 h5 30. h4 f6 31. a3 g5 32. Kd3 Kd7 33. c4 dxc4+ 34. Nxc4 Bxc4+ 35. Kxc4 Na5+ 36. Kd5 Nc6 37. hxg5 fxg5 38. Be5 Ne7+ 39. Ke4 g4 40. Bf6 Ng6 41. Kf5 Nf8 42. Bh4 Kc6 43. Kg5 Kxc5 44. Kxh5 Ne6 45. Kxg4 Kb5 46. f4 Nxf4 47. Kxf4 Ka4 48. g4 Kxa3 49. g5 Kb2 50. g6 a5 51. g7 a4 52. g8=Q a3 53. Qb3+ Kc1 54. Qxa3+ Kd2 55. Qd3+ Kc1 56. Bf6 Kb1 57. c4+ Kc1 58. Qc3+ Kd1 59. Bd4 Ke2 60. Qe3+ Kf1 61. Qf2# 1-0

[Event "HUN-ch U8-U18 2019"]
[Site "Balatonlelle"]
[Date "2019.06.26"]
[Round "7.5"]
[White "Geher, Koppany"]
[Black "Tapodi, Norman Lajos"]
[Result "1/2-1/2"]
[ECO "B90"]
[WhiteElo "2089"]
[BlackElo "2043"]
[Annotator "NA RC"]
[PlyCount "91"]
[EventDate "2019.06.21"]
[EventType "swiss"]
[EventCountry "HUN"]
[SourceTitle "playchess.com"]
[Source "ChessBase"]
[SourceQuality "1"]
[TimeControl "40/5400+30:1800+30"]

1. e4 c5 2. Nf3 d6 3. d4 cxd4 4. Nxd4 Nf6 5. Nc3 a6 6. h3 e6 7. g4 Nfd7 8. g5 b5 9. Be3 Bb7 10. f3 Be7 11. h4 Nc6 12. Nxc6 Bxc6 13. Bd4 O-O 14. Qd2 b4 15. Ne2 a5 16. O-O-O Ne5 17. Ng1 Qc7 18. Kb1 Rfc8 19. Rc1 d5 20. f4 Nc4 21. Qh2 Bb7 22. g6 fxg6 23. h5 g5 24. Bh3 Ra6 25. e5 b3 26. axb3 Bc5 27. Qf2 Bxd4 28. Qxd4 Qb6 29. Qxb6 Nd2+ 30. Ka2 Rxb6 31. Ne2 Ne4 32. Nd4 Re8 33. fxg5 Nxg5 34. Rcg1 h6 35. c3 Bc8 36. Rf1 Rf8 37. Rxf8+ Kxf8 38. Rf1+ Ke7 39. Bg2 Bd7 40. Ka3 Be8 41. Rh1 Rb8 42. Bf1 Bd7 43. Bd3 Rf8 44. Rf1 Rxf1 45. Bxf1 Be8 46. Be2 1/2-1/2

[Event "HUN-ch U8-U18 2019"]
[Site "Balatonlelle"]
[Date "2019.06.26"]
[Round "7.5"]
[White "Toth, Timea"]
[Black "Eros, Vivien"]
[Result "0-1"]
[ECO "B35"]
[WhiteElo "1964"]
[BlackElo "1317"]
[Annotator "NA RC"]
[PlyCount "144"]
[EventDate "2019.06.21"]
[EventType "swiss"]
[EventCountry "HUN"]
[SourceTitle "playchess.com"]
[Source "ChessBase"]
[SourceQuality "1"]
[TimeControl "40/5400+30:1800+30"]

1. e4 c5 2. Nf3 Nc6 3. d4 cxd4 4. Nxd4 g6 5. Nc3 Bg7 6. Be3 Nf6 7. Bc4 Qa5 8. Nxc6 bxc6 9. Qd3 Rb8 10. Bb3 O-O 11. O-O Ba6 12. Qd4 Bxf1 13. Rxf1 d6 14. Qxa7 Qxa7 15. Bxa7 Ra8 16. Be3 Rfd8 17. f4 Bh6 18. Ba4 Rac8 19. Bb6 Rf8 20. Bb3 Rb8 21. Be3 e5 22. g3 exf4 23. Bxf4 Bxf4 24. gxf4 Rfe8 25. e5 dxe5 26. fxe5 Nd5 27. Nxd5 cxd5 28. Bxd5 Rf8 29. b3 Rb5 30. c4 Rbb8 31. c5 Rb5 32. e6 fxe6 33. Bxe6+ Kg7 34. Rc1 Rf6 35. Bd7 Rb7 36. c6 Rc7 37. b4 Rf8 38. Re1 Kf7 39. b5 Rb8 40. Rb1 Ke7 41. Bh3 Kd6 42. a4 Ra8 43. Ra1 Kc5 44. Bg2 Kb6 45. Be4 Ra5 46. Kf2 Rca7 47. Bc2 Rxb5 48. Rc1 Rc5 49. Rb1+ Kxc6 50. Be4+ Kc7 51. Ra1 Rc4 52. Bd5 Rcxa4 53. Rxa4 Rxa4 54. Bg8 h6 55. Bh7 g5 56. Kg3 Kd6 57. Bg6 Ke5 58. Bh5 Kf5 59. h3 Ra3+ 60. Kg2 Kf4 61. Bg4 Rg3+ 62. Kf2 Rxg4 63. hxg4 Kxg4 64. Kg2 h5 65. Kh2 Kf3 66. Kh3 g4+ 67. Kh2 Kf2 68. Kh1 h4 69. Kh2 g3+ 70. Kh1 g2+ 71. Kh2 g1=Q+ 72. Kh3 Qg3# 0-1

[Event "HUN-ch U8-U18 2019"]
[Site "Balatonlelle"]
[Date "2019.06.26"]
[Round "7.7"]
[White "Szilagyi, Norbert"]
[Black "Dibusz, Domonkos"]
[Result "1/2-1/2"]
[ECO "C52"]
[WhiteElo "2093"]
[BlackElo "2067"]
[Annotator "NA RC"]
[PlyCount "81"]
[EventDate "2019.06.21"]
[EventType "swiss"]
[EventCountry "HUN"]
[SourceTitle "playchess.com"]
[Source "ChessBase"]
[SourceQuality "1"]
[TimeControl "40/5400+30:1800+30"]

1. e4 e5 2. Nf3 Nc6 3. Bc4 Bc5 4. b4 Bxb4 5. c3 Ba5 6. d4 d6 7. Qb3 Qd7 8. dxe5 Bb6 9. Qc2 Nxe5 10. Nxe5 dxe5 11. Qb3 Nf6 12. Nd2 O-O 13. O-O Qe7 14. Bb2 Bd7 15. Rae1 Bc6 16. Bd5 Rad8 17. c4 Nd7 18. Qg3 Ba5 19. Re2 Bxd2 20. Rxd2 Bxd5 21. exd5 Rfe8 22. Rfd1 Qc5 23. Rc1 Qb4 24. Re2 b5 25. c5 Qf4 26. Qb3 Nf6 27. Rd1 Qc4 28. Qxc4 bxc4 29. d6 cxd6 30. cxd6 Re6 31. Rxe5 Rexd6 32. Rxd6 Rxd6 33. Kf1 h6 34. Ke2 Rb6 35. Bc1 Ra6 36. a3 Nd7 37. Rd5 Re6+ 38. Kd2 Nb6 39. Ra5 c3+ 40. Kd3 Rd6+ 41. Kc2 1/2-1/2

[Event "HUN-ch U8-U18 2019"]
[Site "Balatonlelle"]
[Date "2019.06.26"]
[Round "7.9"]
[White "Kratzmajer, Akos Gyorgy"]
[Black "Papp, Bence"]
[Result "0-1"]
[ECO "B01"]
[WhiteElo "2048"]
[BlackElo "2094"]
[Annotator "NA RC"]
[PlyCount "80"]
[EventDate "2019.06.21"]
[EventType "swiss"]
[EventCountry "HUN"]
[SourceTitle "playchess.com"]
[Source "ChessBase"]
[SourceQuality "1"]
[TimeControl "40/5400+30:1800+30"]

1. e4 d5 2. exd5 Qxd5 3. Nc3 Qd6 4. d4 Nf6 5. Nf3 a6 6. Bd3 Bg4 7. h3 Bh5 8. O-O c6 9. Ne4 Nxe4 10. Bxe4 Nd7 11. c3 e6 12. Qb3 Qc7 13. Re1 Be7 14. Ne5 Nxe5 15. dxe5 O-O 16. Qc2 Bg6 17. Bxg6 hxg6 18. Qe4 Rfd8 19. Qg4 Rd5 20. Bf4 Qb6 21. b4 c5 22. Rab1 cxb4 23. cxb4 Rc8 24. Be3 Qb5 25. f4 Rc4 26. Qe2 Rxb4 27. Qxb5 Rbxb5 28. Rxb5 Rxb5 29. Rc1 g5 30. Rc8+ Kh7 31. Rc7 gxf4 32. Bxf4 Bc5+ 33. Kh2 Kg6 34. a4 Bb6 35. Rd7 Rb4 36. Bg3 Bd4 37. h4 f6 38. h5+ Kxh5 39. Rxg7 Bxe5 40. Bxe5 fxe5 0-1

[Event "HUN-ch U8-U18 2019"]
[Site "Balatonlelle"]
[Date "2019.06.26"]
[Round "7.11"]
[White "Farkas, Otto Jr."]
[Black "Daroczi, Donat"]
[Result "1-0"]
[ECO "C11"]
[WhiteElo "1859"]
[BlackElo "2050"]
[Annotator "NA RC"]
[PlyCount "137"]
[EventDate "2019.06.21"]
[EventType "swiss"]
[EventCountry "HUN"]
[SourceTitle "playchess.com"]
[Source "ChessBase"]
[SourceQuality "1"]
[TimeControl "40/5400+30:1800+30"]

1. e4 e6 2. d4 d5 3. Nc3 Nf6 4. Bg5 dxe4 5. Nxe4 Be7 6. Bxf6 gxf6 7. Nf3 f5 8. Ned2 c5 9. Bb5+ Bd7 10. Bxd7+ Qxd7 11. dxc5 Bxc5 12. Qe2 Nc6 13. O-O-O O-O-O 14. Nc4 Qc7 15. Kb1 Ne7 16. Nce5 Nd5 17. Nd3 Qb6 18. Ka1 Bd6 19. Ng5 Rd7 20. Nxf7 Re8 21. Nxd6+ Qxd6 22. c4 Nf4 23. Nxf4 Qxf4 24. Rxd7 Kxd7 25. Rd1+ Ke7 26. g3 Qc7 27. Qh5 Kf8 28. g4 Qg7 29. gxf5 exf5 30. Qxf5+ Kg8 31. Qd5+ Kh8 32. a3 h6 33. Qd4 Re7 34. Qd8+ Kh7 35. Qd3+ Kh8 36. Ka2 Rf7 37. Qe3 b6 38. Rd8+ Rf8 39. Rd6 Rf6 40. Qe8+ Rf8 41. Qe6 Rxf2 42. Qxh6+ Qxh6 43. Rxh6+ Kg7 44. Rh4 Kf6 45. Rh7 a5 46. Rh6+ Ke5 47. Rxb6 Kd4 48. h4 Kxc4 49. h5 Rh2 50. Rh6 a4 51. Rh8 Kb5 52. h6 Kb6 53. Rb8+ Ka6 54. Rh8 Kb7 55. h7 Rh1 56. Rf8 Rxh7 57. Rf4 Rh3 58. Rxa4 Kb6 59. Rg4 Kb5 60. a4+ Ka6 61. b3 Rh2+ 62. Ka3 Rh3 63. Kb4 Rh6 64. a5 Rh5 65. Rg6+ Ka7 66. Ka4 Kb7 67. b4 Ka7 68. Rg7+ Ka6 69. b5+ 1-0

[Event "HUN-ch U8-U18 2019"]
[Site "Balatonlelle"]
[Date "2019.06.26"]
[Round "7.11"]
[White "Varga, Boldizsar"]
[Black "Kovacsy, Barnabas"]
[Result "0-1"]
[ECO "D85"]
[WhiteElo "1804"]
[BlackElo "2136"]
[Annotator "NA RC"]
[PlyCount "62"]
[EventDate "2019.06.21"]
[EventType "swiss"]
[EventCountry "HUN"]
[SourceTitle "playchess.com"]
[Source "ChessBase"]
[SourceQuality "1"]
[TimeControl "40/5400+30:1800+30"]

1. d4 Nf6 2. c4 g6 3. Nc3 d5 4. cxd5 Nxd5 5. e4 Nxc3 6. bxc3 Bg7 7. Nf3 c5 8. Be3 Bg4 9. Be2 Qa5 10. Qd2 O-O 11. Rb1 Nd7 12. Rb5 Qa4 13. O-O Bxf3 14. gxf3 b6 15. dxc5 Nxc5 16. Bxc5 bxc5 17. Rxc5 Qa3 18. Rb5 Bxc3 19. Qc2 Bg7 20. Rb3 Qd6 21. Rd1 Qf4 22. Qd2 Qh4 23. Rb5 Bh6 24. Qd7 e6 25. Kg2 Bf4 26. h3 Rad8 27. Qb7 Rxd1 28. Bxd1 Rd8 29. Be2 Rd2 30. Rb2 Qg5+ 31. Kh1 Be5 0-1

[Event "HUN-ch U8-U18 2019"]
[Site "Balatonlelle"]
[Date "2019.06.26"]
[Round "7.13"]
[White "Pervai, Laszlo"]
[Black "Szalay-Ocsak, Bank"]
[Result "1-0"]
[ECO "B76"]
[WhiteElo "2033"]
[BlackElo "1826"]
[Annotator "NA RC"]
[PlyCount "53"]
[EventDate "2019.06.21"]
[EventType "swiss"]
[EventCountry "HUN"]
[SourceTitle "playchess.com"]
[Source "ChessBase"]
[SourceQuality "1"]
[TimeControl "40/5400+30:1800+30"]

1. e4 g6 2. d4 Bg7 3. Be3 c5 4. Nf3 Nc6 5. Nc3 cxd4 6. Nxd4 d6 7. Qd2 Nf6 8. f3 O-O 9. O-O-O d5 10. Nxc6 bxc6 11. g4 Qa5 12. exd5 Rb8 13. Bd4 Rd8 14. Bc4 Ba6 15. Bb3 c5 16. Bxf6 Bxf6 17. Ne4 Qb5 18. Nxf6+ exf6 19. c4 Qb4 20. Qc3 Re8 21. Rhe1 Qb6 22. Rxe8+ Rxe8 23. d6 Rd8 24. Qxf6 Bb7 25. h4 Bc6 26. h5 Rd7 27. h6 1-0

[Event "HUN-ch U8-U18 2019"]
[Site "Balatonlelle"]
[Date "2019.06.26"]
[Round "7.14"]
[White "Petervari, Szabolcs"]
[Black "Bilku, Andras"]
[Result "1/2-1/2"]
[ECO "A01"]
[WhiteElo "1816"]
[BlackElo "1907"]
[Annotator "NA RC"]
[PlyCount "131"]
[EventDate "2019.06.21"]
[EventType "swiss"]
[EventCountry "HUN"]
[SourceTitle "playchess.com"]
[Source "ChessBase"]
[SourceQuality "1"]
[TimeControl "40/5400+30:1800+30"]

1. b3 d5 2. Bb2 Bg4 3. Nf3 Nd7 4. e3 e6 5. Be2 Ngf6 6. d4 Bd6 7. c4 c6 8. O-O O-O 9. Ne5 Bxe2 10. Qxe2 Qc7 11. f4 Ne4 12. Nd2 Nxd2 13. Qxd2 Nf6 14. Rf3 Ne4 15. Qe2 Bxe5 16. fxe5 f5 17. Rh3 g6 18. Ba3 Rf7 19. Bb4 Qb6 20. Be1 Raf8 21. c5 Qd8 22. Rf3 Qg5 23. Bd2 Qh5 24. Qd3 g5 25. Raf1 g4 26. Rf4 g3 27. h3 Nf2 28. R4xf2 gxf2+ 29. Rxf2 Rg7 30. Kh1 Rff7 31. Qf1 Rg3 32. Re2 Rfg7 33. Be1 R3g6 34. b4 a6 35. a4 Qg5 36. a5 Rf7 37. Qf4 Qh5 38. Rd2 Rfg7 39. Qf1 Rf7 40. Qf4 Rg4 41. Qf3 Qh6 42. Bg3 Rfg7 43. Bf4 Qh4 44. Rf2 R4g6 45. Kh2 Qe7 46. Qe2 Kh8 47. Qe1 Qh4 48. Qe2 Rg4 49. Qf3 R4g6 50. Qe2 Kg8 51. Qf3 Kf7 52. Qe2 Ke8 53. Qf3 Rg8 54. Qe2 Kd7 55. Qf3 Qe7 56. Qe2 Qg7 57. Qf3 Kc7 58. Qe2 h5 59. Qf3 h4 60. Kh1 Kb8 61. Qe2 Qh7 62. Kh2 Rg3 63. Kh1 R3g6 64. Kh2 R8g7 65. Kh1 Qg8 66. Qf3 1/2-1/2

[Event "HUN-ch U8-U18 2019"]
[Site "Balatonlelle"]
[Date "2019.06.26"]
[Round "7.16"]
[White "Miszler, Levente"]
[Black "Kovacs, Gabor Etele"]
[Result "1-0"]
[ECO "A14"]
[WhiteElo "2041"]
[BlackElo "2062"]
[Annotator "NA RC"]
[PlyCount "205"]
[EventDate "2019.06.21"]
[EventType "swiss"]
[EventCountry "HUN"]
[SourceTitle "playchess.com"]
[Source "ChessBase"]
[SourceQuality "1"]
[TimeControl "40/5400+30:1800+30"]

1. Nf3 d5 2. c4 e6 3. g3 Nf6 4. Bg2 Be7 5. O-O O-O 6. d4 c6 7. b3 Nbd7 8. Nc3 b6 9. Qc2 Ba6 10. Nd2 Rc8 11. e4 dxe4 12. Ndxe4 Nxe4 13. Nxe4 Nf6 14. Bb2 Qc7 {[%emt 0:05:07] E07: Closed Catalan: Main Line (5 Nf3 0-0 6 0-0 Nbd7)} 15. Rad1 Rfd8 16. Rfe1 h6 17. Bc1 (17. Qe2 Nxe4 18. Qxe4 Bf6 19. Bc1 Rd7 20. Bf4 Qd8 21. Be5 Bb7 22. Qc2 {½-½ (35) Ionov,S (2553)-Shaposhnikov,E (2494) Moscow 1999}) 17... Nxe4 $146 ({Predecessor:} 17... Rd7 18. Bf4 Qd8 19. Nxf6+ Bxf6 20. Be5 Bb7 21. c5 Bxe5 22. dxe5 Rd4 23. Bf3 b5 24. Qc3 Rxd1 25. Rxd1 Qc7 26. Rd6 Qe7 27. Qd3 {1-0 (27) Da Costa,A-Galvez Ponziano,R CADAP email 2002}) 18. Qxe4 Bf6 19. Bf4 Qe7 20. d5 cxd5 21. cxd5 Qd7 22. Bh3 Bb7 23. dxe6 Qxd1 24. exf7+ Kf8 25. Qe8+ Rxe8 26. fxe8=Q+ Rxe8 27. Rxd1 Re2 28. a4 Bf3 29. Bf1 Rb2 30. Rd3 Be4 31. Bd6+ Kf7 32. Rd1 Bc2 33. Bc4+ Ke8 34. Re1+ Kd7 35. Ba3 Ra2 36. Bc1 Ra1 37. Bd2 Ra2 38. Bc1 Ra1 39. Kf1 Bc3 40. Bd2 Rxe1+ 41. Bxe1 Bd4 42. Ke2 Kc6 43. Kd2 Bf5 44. Bd3 Be6 45. Kc2 a5 46. Bc3 Bxf2 47. Bxg7 Bg1 48. Bxh6 Bxh2 49. Be4+ Kc5 50. Bf4 b5 51. Be3+ Kb4 52. Bd2+ Kc5 53. axb5 Kxb5 54. Be1 Bd7 55. Bd3+ Kc5 56. Kb2 ({Much weaker is} 56. Bxa5 Bxg3 57. Kd2 Bf4+ 58. Kc2 Be6 $11) 56... Kd4 57. Ba6 Kc5 58. Bf1 Kb6 59. Bf2+ Kc6 60. Kc3 Be6 61. Bc4 Bf5 62. Kd4 Bc2 63. Kc3 ({White should play} 63. g4 $16) 63... Bf5 64. Bf7 Bg4 65. Be8+ Kd5 66. Kd3 Bf5+ 67. Ke3 Bc2 $18 (67... Be6 $14) 68. Ba4 Bd1 69. Kf4 Bc2 70. Kg4 Ke4 71. Kh3 Kf3 72. Be1 Bg1 73. Bxa5 Bf5+ 74. Kh4 Bd4 75. Bc6+ Kf2 76. g4 Be6 77. b4 Bxg4 78. Kxg4 Bc3 79. Bb6+ Ke2 80. b5 Kd3 81. Kf5 Kc4 82. Ke6 Bd2 83. Kd7 Bc3 84. Bg1 Ba5 85. b6 Bxb6 86. Bxb6 Kb4 87. Kd6 Kc4 88. Ke5 Kb4 89. Kd4 Kb3 90. Bd5+ Kc2 91. Ba5 Kb2 92. Bb4 Kc2 93. Bc4 Kb2 94. Kd3 Kc1 95. Bc3 Kd1 96. Bb3+ Kc1 97. Be5 Kb1 98. Kc3 Kc1 99. Bf4+ Kb1 100. Bc4 Ka1 101. Kb3 Kb1 102. Bd3+ Ka1 103. Be5# 1-0

[Event "HUN-ch U8-U18 2019"]
[Site "Balatonlelle"]
[Date "2019.06.26"]
[Round "7.16"]
[White "Kovacs, Patrik Zsolt"]
[Black "Szoke, Kristof"]
[Result "1-0"]
[ECO "D40"]
[WhiteElo "1903"]
[BlackElo "1583"]
[Annotator "NA RC"]
[PlyCount "57"]
[EventDate "2019.06.21"]
[EventType "swiss"]
[EventCountry "HUN"]
[SourceTitle "playchess.com"]
[Source "ChessBase"]
[SourceQuality "1"]
[TimeControl "40/5400+30:1800+30"]

1. d4 d5 2. c4 e6 3. Nf3 Nf6 4. Nc3 c5 5. Bg5 cxd4 6. Nxd4 Nbd7 7. cxd5 exd5 8. Nf3 Bb4 9. Bxf6 Nxf6 10. Qa4+ Bd7 11. Qxb4 Bc6 12. e3 a5 13. Qd4 O-O 14. Be2 Ne4 15. Nxe4 dxe4 16. Qxd8 Raxd8 17. Nd4 Bd7 18. O-O Rc8 19. Rac1 f5 20. Bb5 Bxb5 21. Nxb5 g6 22. Rfd1 Rfd8 23. Rxd8+ Rxd8 24. Nd4 Rd7 25. Kf1 f4 26. Ke2 fxe3 27. Kxe3 Re7 28. Rc5 Kf7 29. Rxa5 1-0

[Event "HUN-ch U8-U18 2019"]
[Site "Balatonlelle"]
[Date "2019.06.26"]
[Round "7.19"]
[White "Kresz, Adam"]
[Black "Hatala, Csaba Laszlo"]
[Result "1/2-1/2"]
[ECO "B35"]
[WhiteElo "1949"]
[BlackElo "1958"]
[Annotator "NA RC"]
[PlyCount "101"]
[EventDate "2019.06.21"]
[EventType "swiss"]
[EventCountry "HUN"]
[SourceTitle "playchess.com"]
[Source "ChessBase"]
[SourceQuality "1"]
[TimeControl "40/5400+30:1800+30"]

1. e4 c5 2. Nf3 Nc6 3. d4 cxd4 4. Nxd4 g6 5. Nc3 Bg7 6. Be3 Nf6 7. Bc4 Qa5 8. f3 O-O 9. Bb3 d6 10. Qd2 Nxd4 11. Bxd4 b5 12. Nd5 Qxd2+ 13. Kxd2 Nxe4+ 14. fxe4 Bxd4 15. Nxe7+ Kg7 16. Bd5 Bd7 17. Bxa8 Rxa8 18. c3 Be5 19. Rae1 a5 20. Kc2 Rb8 21. Nd5 Rb7 22. Ne3 Be6 23. g3 Bd7 24. Rhf1 Be6 25. Nd5 Ra7 26. a3 Rb7 27. Rf3 f5 28. Nf4 Bxf4 29. Rxf4 fxe4 30. Kd2 d5 31. h4 h5 32. Ke3 b4 33. axb4 axb4 34. c4 dxc4 35. Rxe4 Bf7 36. Kd2 c3+ 37. Kc2 cxb2 38. Kxb2 b3 39. Re7 Rxe7 40. Rxe7 Kf6 41. Rb7 Be6 42. Rb5 Bc4 43. Rc5 Be6 44. Kc3 Ke7 45. Rb5 Kf7 46. Kd4 Kf6 47. Ke4 Bf5+ 48. Kf4 Bc2 49. Rb6+ Ke7 50. g4 hxg4 51. Kxg4 1/2-1/2

[Event "HUN-ch U8-U18 2019"]
[Site "Balatonlelle"]
[Date "2019.06.26"]
[Round "7.19"]
[White "Magold, Filip"]
[Black "Szegedy, Matyas"]
[Result "1-0"]
[ECO "C71"]
[WhiteElo "1906"]
[BlackElo "1806"]
[Annotator "NA RC"]
[PlyCount "119"]
[EventDate "2019.06.21"]
[EventType "swiss"]
[EventCountry "HUN"]
[SourceTitle "playchess.com"]
[Source "ChessBase"]
[SourceQuality "1"]
[TimeControl "40/5400+30:1800+30"]

1. e4 e5 2. Nf3 Nc6 3. Bb5 a6 4. Ba4 d6 5. c4 Bg4 6. h3 Bxf3 7. Qxf3 Nf6 8. Nc3 Be7 9. O-O O-O 10. Bxc6 bxc6 11. d3 Rb8 12. b3 Nd7 13. Be3 Bf6 14. Rad1 c5 15. Qg4 g6 16. Ne2 Bg7 17. Bg5 f6 18. Bh4 Qe8 19. Nc3 c6 20. Qe2 f5 21. f3 f4 22. Rb1 h6 23. a3 g5 24. Bf2 Qg6 25. b4 cxb4 26. axb4 h5 27. b5 axb5 28. cxb5 cxb5 29. Rxb5 Rxb5 30. Nxb5 Rc8 31. Qa2+ Kh7 32. Qd5 Nf8 33. Qxd6 Qxd6 34. Nxd6 Rd8 35. Nf5 Rxd3 36. Rb1 Rd7 37. Rb6 Rc7 38. Rb8 Ng6 39. Rd8 Ne7 40. Nxe7 Rxe7 41. Rd5 Kg6 42. Bc5 Re6 43. Kf2 Re8 44. Ke2 Re6 45. Kd3 g4 46. hxg4 hxg4 47. Kc4 Kg5 48. Rd7 Rg6 49. Be7+ Kh6 50. Rd6 gxf3 51. gxf3 Kh5 52. Rxg6 Kxg6 53. Kd5 Kh5 54. Ke6 Kg6 55. Bd6 Kh5 56. Bxe5 Bxe5 57. Kxe5 Kg5 58. Kd4 Kh4 59. e5 Kg3 60. Ke4 1-0

[Event "HUN-ch U8-U18 2019"]
[Site "Balatonlelle"]
[Date "2019.06.26"]
[Round "7.20"]
[White "Szikszai, Bertalan"]
[Black "Kasnya, Peter"]
[Result "1-0"]
[ECO "B51"]
[WhiteElo "1896"]
[BlackElo "1496"]
[Annotator "NA RC"]
[PlyCount "65"]
[EventDate "2019.06.21"]
[EventType "swiss"]
[EventCountry "HUN"]
[SourceTitle "playchess.com"]
[Source "ChessBase"]
[SourceQuality "1"]
[TimeControl "40/5400+30:1800+30"]

1. e4 c5 2. Nf3 d6 3. Bb5+ Nd7 4. O-O g6 5. d4 cxd4 6. Qxd4 Ngf6 7. Nc3 Bg7 8. Bg5 O-O 9. h3 Nc5 10. Qe3 Bd7 11. Bxd7 Qxd7 12. e5 Ne8 13. exd6 exd6 14. Be7 Nc7 15. Bxf8 Rxf8 16. Rad1 Qc6 17. Nd4 Qb6 18. Nb3 Re8 19. Qf3 Nxb3 20. axb3 Ne6 21. Nd5 Qd8 22. c3 Ng5 23. Qd3 Ne4 24. Rfe1 Nc5 25. Rxe8+ Qxe8 26. Qc2 Qe6 27. b4 Nd7 28. Qd2 Bf8 29. Re1 Qf5 30. Ne7+ Bxe7 31. Rxe7 d5 32. Qh6 Nf6 33. Rxb7 1-0

[Event "HUN-ch U8-U18 2019"]
[Site "Balatonlelle"]
[Date "2019.06.26"]
[Round "7.21"]
[White "Kovacs, Judit"]
[Black "Szabo, Andrea Erzsebet"]
[Result "1-0"]
[ECO "D02"]
[WhiteElo "2025"]
[BlackElo "1582"]
[Annotator "NA RC"]
[PlyCount "61"]
[EventDate "2019.06.21"]
[EventType "swiss"]
[EventCountry "HUN"]
[SourceTitle "playchess.com"]
[Source "ChessBase"]
[SourceQuality "1"]
[TimeControl "40/5400+30:1800+30"]

1. d4 d5 2. Nf3 Nf6 3. c4 c6 4. Qc2 g6 5. Bf4 Bf5 6. Qb3 Qb6 7. Nc3 Bg7 8. e3 Nbd7 9. Be2 O-O 10. h3 Qxb3 11. axb3 Nb6 12. Ne5 Nfd7 13. Nxd7 Bxd7 14. c5 Nc8 15. b4 e6 16. b5 Ne7 17. O-O Rfe8 18. b4 cxb5 19. Bxb5 Nc6 20. Bxc6 bxc6 21. Ra6 Rec8 22. Rfa1 f6 23. Na4 Rf8 24. Nb6 Bc8 25. R6a3 axb6 26. Rxa8 bxc5 27. Bd6 Re8 28. bxc5 e5 29. R1a7 Bf8 30. Rb8 Bxd6 31. cxd6 1-0

[Event "HUN-ch U8-U18 2019"]
[Site "Balatonlelle"]
[Date "2019.06.26"]
[Round "7.21"]
[White "Turcsanyi, Vince Gergo"]
[Black "Kolimar, Kristof Pal"]
[Result "1/2-1/2"]
[ECO "B40"]
[WhiteElo "1816"]
[BlackElo "1979"]
[Annotator "NA RC"]
[PlyCount "55"]
[EventDate "2019.06.21"]
[EventType "swiss"]
[EventCountry "HUN"]
[SourceTitle "playchess.com"]
[Source "ChessBase"]
[SourceQuality "1"]
[TimeControl "40/5400+30:1800+30"]

1. e4 c5 2. Nf3 e6 3. Nc3 a6 4. g3 Nc6 5. Bg2 Nf6 6. O-O d5 7. exd5 exd5 8. d4 c4 9. Bg5 Be7 10. Ne5 O-O 11. Re1 Be6 12. Ne2 Nd7 13. Nxc6 bxc6 14. Bxe7 Qxe7 15. Nf4 Qd6 16. Nxe6 fxe6 17. Bh3 Rae8 18. Qg4 Rf6 19. Re3 Re7 20. Rae1 e5 21. Qe2 e4 22. Bxd7 Rxd7 23. f3 exf3 24. Rxf3 Rxf3 25. Qxf3 Re7 26. Rf1 Qd8 27. Qf4 Qe8 28. c3 1/2-1/2

[Event "HUN-ch U8-U18 2019"]
[Site "Balatonlelle"]
[Date "2019.06.26"]
[Round "7.22"]
[White "Bodrogi, Bendeguz"]
[Black "Gergely, Daniel"]
[Result "1/2-1/2"]
[ECO "A06"]
[WhiteElo "1925"]
[BlackElo "1427"]
[Annotator "NA RC"]
[PlyCount "87"]
[EventDate "2019.06.21"]
[EventType "swiss"]
[EventCountry "HUN"]
[SourceTitle "playchess.com"]
[Source "ChessBase"]
[SourceQuality "1"]
[TimeControl "40/5400+30:1800+30"]

1. Nf3 d5 2. c4 c6 3. g3 Nf6 4. Bg2 Bf5 5. O-O e6 6. d4 Nbd7 7. b3 Ne4 8. Nfd2 Ndf6 9. Bb2 Qa5 10. a3 Qb6 11. f3 Nxd2 12. Nxd2 Bg6 13. Kh1 h5 14. e4 dxe4 15. Nxe4 Bxe4 16. fxe4 Ng4 17. Qf3 Qc7 18. e5 Rd8 19. Rad1 Rd7 20. Rfe1 Qb6 21. Bh3 a5 22. Rf1 a4 23. b4 Qa6 24. Rc1 Qb6 25. Bg2 Qd8 26. Rcd1 c5 27. bxc5 Qc7 28. Rb1 Kd8 29. Bc3 Kc8 30. c6 bxc6 31. Qxc6 Qxc6 32. Bxc6 Rc7 33. d5 exd5 34. cxd5 Ne3 35. Rf3 Nc4 36. Bd4 Nd2 37. Rbf1 Nxf1 38. Rxf1 Rh6 39. Rc1 Bxa3 40. Ra1 Rcxc6 41. dxc6 Be7 42. Rxa4 Rxc6 43. Ra7 Rc7 44. Ra6 1/2-1/2

[Event "HUN-ch U8-U18 2019"]
[Site "Balatonlelle"]
[Date "2019.06.26"]
[Round "7.22"]
[White "Buri, Kata"]
[Black "Karacsonyi, Kata"]
[Result "1/2-1/2"]
[ECO "B88"]
[WhiteElo "1393"]
[BlackElo "1798"]
[Annotator "NA RC"]
[PlyCount "114"]
[EventDate "2019.06.21"]
[EventType "swiss"]
[EventCountry "HUN"]
[SourceTitle "playchess.com"]
[Source "ChessBase"]
[SourceQuality "1"]
[TimeControl "40/5400+30:1800+30"]

1. e4 c5 2. Nf3 d6 3. d4 cxd4 4. Nxd4 Nf6 5. Nc3 Nc6 6. Bc4 e6 7. Bb3 Be7 8. Be3 a6 9. Qe2 Qc7 10. O-O-O Na5 11. g4 b5 12. g5 Nxb3+ 13. Nxb3 Nd7 14. f4 Bb7 15. Rhf1 b4 16. Nb1 Bxe4 17. Bd4 Bd5 18. Bxg7 Rg8 19. Rxd5 exd5 20. Bf6 Nc5 21. Nxc5 dxc5 22. Re1 Ra7 23. Bxe7 Kd7 24. Qf3 Kc6 25. Re5 Qxe5 26. fxe5 Rxe7 27. c4 Rxe5 28. Qf6+ Re6 29. cxd5+ Kxd5 30. Qf5+ Kc6 31. Qxf7 Rge8 32. Nd2 R8e7 33. Qf3+ Kb6 34. Nc4+ Kb5 35. Qd3 Kc6 36. Qf3+ Kb5 37. b3 Re1+ 38. Kd2 R1e6 39. h4 a5 40. Qd3 Kc6 41. Nxa5+ Kc7 42. Qg3+ Kc8 43. Qf2 Rd7+ 44. Kc2 Rde7 45. Qf8+ Kc7 46. Qf4+ Kc8 47. Nc4 Kb7 48. Nd6+ Kc6 49. Nf5 Rd7 50. Qc4 Re5 51. Ng3 Rd4 52. Qa6+ Kc7 53. Qa7+ Kc6 54. Qxh7 Re3 55. Nf1 Re2+ 56. Kc1 Re1+ 57. Kc2 Re2+ 1/2-1/2

[Event "HUN-ch U8-U18 2019"]
[Site "Balatonlelle"]
[Date "2019.06.26"]
[Round "7.23"]
[White "Sulyok, Eszter"]
[Black "Toth, Nikoletta"]
[Result "1/2-1/2"]
[ECO "A12"]
[WhiteElo "1840"]
[BlackElo "2010"]
[Annotator "NA RC"]
[PlyCount "87"]
[EventDate "2019.06.21"]
[EventType "swiss"]
[EventCountry "HUN"]
[SourceTitle "playchess.com"]
[Source "ChessBase"]
[SourceQuality "1"]
[TimeControl "40/5400+30:1800+30"]

1. c4 c6 2. Nf3 d5 3. b3 Nf6 4. g3 g6 5. Bb2 Bg7 6. Bg2 O-O 7. O-O Bf5 8. d4 Ne4 9. e3 Qb6 10. Qe2 a5 11. Nc3 Nxc3 12. Bxc3 a4 13. Nd2 axb3 14. axb3 Rxa1 15. Rxa1 Qd8 16. cxd5 c5 17. Qc4 cxd4 18. Bxd4 Bxd4 19. Qxd4 Na6 20. Rc1 Qa5 21. e4 Bd7 22. Nc4 Qb4 23. Qe3 Nc5 24. Nb6 Qxb6 25. Rxc5 Qa6 26. Qc3 Qa2 27. h3 Ra8 28. Rc7 Qb1+ 29. Kh2 Ra1 30. g4 Qg1+ 31. Kg3 Ra2 32. Qf3 Be8 33. Rxe7 Kf8 34. Rxb7 Qa1 35. Rc7 g5 36. Rc3 Rc2 37. Qf5 Qxc3+ 38. Kh2 Qc7+ 39. e5 Qc5 40. Qxh7 Qxf2 41. Qh6+ Kg8 42. Qxg5+ Kf8 43. Qh6+ Kg8 44. Qg5+ 1/2-1/2